 Dungeon Crawl Stone Soup version 0.22.0 (webtiles) character file.

14289 nicolaieve the Protected (level 11, -3/102 HPs)
             Began as a Minotaur Berserker on Aug 10, 2018.
             Was a High Priest of Trog.
             Asphyxiated
             ... on level 10 of the Dungeon.
             The game lasted 00:59:53 (8755 turns).

nicolaieve the Protected (Minotaur Berserker)       Turns: 8755, Time: 00:59:54

Health: -3/102     AC: 20    Str: 23    XL:     11   Next: 86%
Magic:  12/12      EV: 13    Int:  4    God:    Trog [*****.]
Gold:   941        SH:  5    Dex: 12    Spells: 10/10 levels left

rFire    . . .     SeeInvis .   b - +1 whip
rCold    + . .     Gourm    .   e - +0 buckler {AC+3}
rNeg     . . .     Faith    .   g - +0 chain mail
rPois    .         Spirit   .   d - +2 hat
rElec    .         Reflect  .   L - +0 cloak
rCorr    .         Harm     .   (no gloves)
MR       ++...                  m - +0 pair of boots
Stlth    ..........             (no amulet)
HPRegen  1.27/turn              y - ring of protection from cold
MPRegen  0.13/turn              q - +2 ring of evasion

@: lethally poisoned (-3 -> -58), berserk cooldown, regenerating, slowed, very
slow
A: retaliatory headbutt, horns 2
a: Berserk, Trog's Hand, Brothers in Arms, Renounce Religion


You were on level 10 of the Dungeon.
You worshipped Trog.
Trog was extremely pleased with you.
You were hungry.

You visited 1 branch of the dungeon, and saw 10 of its levels.

You collected 941 gold pieces.

Inventory:

Hand Weapons
 b - a +1 whip (weapon)
Armour
 d - a +2 hat (worn)
 e - a +0 buckler of protection (worn)
 g - a +0 chain mail (worn)
 h - a scarf of cloud immunity
 m - a +0 pair of boots (worn)
 r - a +0 shield
 L - a +0 cloak (worn)
Jewellery
 q - a +2 ring of evasion (right hand)
 y - a ring of protection from cold (left hand)
 I - an uncursed ring of protection from fire
Wands
 j - a wand of clouds (3)
 u - a wand of acid (13)
 A - a wand of flame (23)
 C - a wand of iceblast (15)
 F - a wand of disintegration (24)
Scrolls
 a - 4 scrolls of enchant armour
 k - a scroll of amnesia {unknown}
 n - a scroll of fog
 p - 3 scrolls of remove curse
 s - a scroll of random uselessness {unknown}
 t - 2 scrolls of teleportation
 E - a scroll of immolation {unknown}
 G - a scroll of magic mapping {unknown}
 K - 2 scrolls of fear
 M - 3 scrolls of identify
 N - 2 scrolls of enchant weapon
 O - 2 scrolls of summoning {unknown}
Potions
 f - a potion of haste
 i - 2 potions of invisibility
 l - 5 potions of might
 o - 2 potions of agility
 v - 4 potions of curing
 w - a potion of lignification {unknown}
 x - 2 potions of mutation {unknown}
 z - a potion of flight {unknown}
 B - 3 potions of heal wounds {unknown}
 D - a potion of resistance
 J - a potion of berserk rage {unknown}
Comestibles
 c - 27 rations
 H - 19 chunks of flesh


   Skills:
 + Level 11.4 Fighting
 - Level 12.0 Maces & Flails
 + Level 13.0 Armour
 + Level 5.8 Dodging
 + Level 6.6 Shields
 - Level 3.6 Evocations


You had 10 spell levels left.
You didn't know any spells.
Your spell library was empty.

Dungeon Overview and Level Annotations

Branches:
Dungeon (10/15)            Temple (0/1) D:6            Lair (0/6) D:8
    Orc (0/2) D:10

Altars:
Ashenzari
Dithmenos
Elyvilon
Fedhas
Gozag
Kikubaaqudgha
Ru
Sif Muna
Trog
Uskayaw
Xom
Yredelemnul
Zin

Shops:
D:4 (

Portals:
Trove: D:10 (give +2 storm dragon scales)

Annotations:
D:9 1 runed door
D:10 Sonja


Innate Abilities, Weirdness & Mutations

You reflexively headbutt those who attack you in melee.
You have a pair of horns on your head.


Message History

You barely miss Sonja.
You feel very sick.
Sonja casts a spell.
Sonja blinks!
* * * LOW HITPOINT WARNING * * *
You feel extremely sick.
Sonja unwields an uncursed dagger of venom.
It stops dripping with poison.
Sonja wields an uncursed blowgun.
Sonja shoots a curare-tipped needle.
The curare-tipped needle hits you.
You are more poisoned.
You have difficulty breathing.
* * * LOW HITPOINT WARNING * * *
You feel as though you will be slow longer.
You see here a curare-tipped needle.
* * * LOW HITPOINT WARNING * * *
You feel extremely sick.
Sonja shoots a curare-tipped needle.
The curare-tipped needle hits you.
You are more poisoned.
You have difficulty breathing.
You die...

#########+## #####+####
#.....<....# #........#
#......>...####........#
#.)........'.##........#
#))........#.##).......#
)))........#(.().....K.#
#..........####........#
#..........# #........#
############ #.@......#
#..(.....# ####'#####
#(# #)# ###)#####
#<.)....# #.......#
#.(.....#


You could see Sonja.

Vanquished Creatures
  Snorg (D:10)
  Harold (D:7)
  A tengu warrior (D:9)
  3 death yaks (D:8)
  A deep elf mage (D:9)
  A cyclops (D:9)
  Maurice (D:9)
  A queen bee (D:10)
  A troll (D:9)
  A hippogriff (D:8)
  Sigmund (D:6)
  A spriggan (D:9)
  A vampire (D:9)
  5 yaks
  Eustachio (D:6)
  A water moccasin (D:9)
  2 orc warriors
  4 phantoms
  3 sky beasts
  2 ice beasts
  A black bear (D:10)
  5 ogres
  8 centaurs
  A crocodile (D:9)
  8 bullfrogs
  2 scorpions
  34 killer bees
  19 wights
  5 howler monkeys
  6 crimson imps
  3 orc priests
  A gnoll shaman (D:5)
  5 jellies
  12 orc wizards
  A bullfrog skeleton (D:6)
  4 hounds
  2 centaur skeletons
  4 iguanas
  Natasha (thrice) (D:3)
  9 worker ants
  A hound zombie (D:7)
  A hound skeleton (D:6)
  A howler monkey zombie (D:7)
  A worker ant zombie (D:9)
  5 gnolls (D:5)
  10 adders
  3 shadow imps
  3 oozes
  2 adder zombies (D:6)
  An adder skeleton (D:5)
  6 worms
  2 dart slugs
  12 leopard geckos
  27 orcs
  13 bats
  9 giant cockroaches
  10 goblins
  11 hobgoblins
  18 jackals
  7 kobolds
  6 quokkas
  2 ball pythons (D:1)
  6 frilled lizards
  A giant cockroach zombie (D:5)
  14 rats
  A withered plant (D:4)
339 creatures vanquished.

Notes
Turn   | Place    | Note
-------+----------+-------------------------------------------
     0 | D:1      | nicolaieve the Minotaur Berserker began the quest for the Orb.
     0 | D:1      | Reached XP level 1. HP: 19/19 MP: 0/0
   178 | D:1      | Reached XP level 2. HP: 25/26 MP: 1/1
   182 | D:1      | Reached skill level 1 in Shields
   501 | D:1      | Reached ** piety under Trog
   501 | D:1      | Reached XP level 3. HP: 31/31 MP: 2/2
   651 | D:2      | Found a glowing silver altar of Zin.
   653 | D:2      | Found a basalt altar of Yredelemnul.
   753 | D:2      | Reached skill level 5 in Maces & Flails
   858 | D:2      | Reached XP level 4. HP: 39/39 MP: 3/3
   979 | D:2      | Found a faded altar of an unknown god.
  1343 | D:2      | Found a hide-covered altar of Uskayaw.
  1344 | D:2      | Found a shattered altar of Ashenzari.
  1345 | D:2      | Found a white marble altar of Elyvilon.
  1494 | D:3      | Reached *** piety under Trog
  1616 | D:3      | Found an opulent altar of Gozag.
  1644 | D:3      | Noticed Natasha
  1645 | D:3      | Reached XP level 5. HP: 32/45 MP: 4/4
  1651 | D:3      | Killed Natasha
  1693 | D:3      | Found a shattered altar of Ashenzari.
  2043 | D:3      | Noticed Natasha
  2055 | D:3      | Killed Natasha
  2080 | D:3      | Noticed Natasha
  2098 | D:3      | Killed Natasha
  2098 | D:3      | Reached XP level 6. HP: 47/51 MP: 5/5
  2215 | D:4      | Found a shimmering altar of Xom.
  2286 | D:4      | Found an ancient bone altar of Kikubaaqudgha.
  2309 | D:4      | Found Urchau's Weapon Shoppe.
  2391 | D:4      | Reached **** piety under Trog
  2450 | D:4      | Reached XP level 7. HP: 48/57 MP: 6/6
  2602 | D:4      | Found a shadowy altar of Dithmenos.
  2892 | D:5      | Entered Level 5 of the Dungeon
  2933 | D:5      | Reached skill level 10 in Maces & Flails
  3246 | D:5      | Reached XP level 8. HP: 42/64 MP: 7/7
  3366 | D:5      | Found a blossoming altar of Fedhas.
  3952 | D:6      | Reached skill level 1 in Evocations
  4023 | D:6      | Noticed Sigmund
  4045 | D:6      | Killed Sigmund
  4045 | D:6      | Reached skill level 3 in Armour
  4100 | D:6      | Reached ***** piety under Trog
  4102 | D:6      | Reached XP level 9. HP: 64/72 MP: 10/10
  4317 | D:6      | Found a staircase to the Ecumenical Temple.
  4360 | D:6      | Found a deep blue altar of Sif Muna.
  4383 | D:6      | Reached skill level 4 in Armour
  4697 | D:6      | Noticed Eustachio
  4711 | D:6      | Killed Eustachio
  4711 | D:6      | Reached skill level 5 in Fighting
  5191 | D:7      | Reached skill level 5 in Armour
  5527 | D:7      | Found a bloodstained altar of Trog.
  5636 | D:7      | Reached skill level 6 in Armour
  5814 | D:7      | Noticed Harold
  5833 | D:7      | Killed Harold
  5833 | D:7      | Reached skill level 8 in Armour
  5857 | D:7      | Found a sacrificial altar of Ru.
  6102 | D:8      | Received a gift from Trog
  6143 | D:8      | Reached XP level 10. HP: 86/86 MP: 11/11
  6189 | D:8      | Reached skill level 9 in Armour
  6474 | D:8      | Noticed a death yak
  6474 | D:8      | Noticed a death yak
  6475 | D:8      | Noticed a death yak
  6485 | D:8      | Killed a death yak
  6485 | D:8      | Reached skill level 10 in Armour
  6500 | D:8      | Killed a death yak
  6523 | D:8      | Killed a death yak
  6525 | D:8      | Reached skill level 11 in Armour
  6559 | D:8      | Found a staircase to the Lair.
  6899 | D:9      | Noticed Maurice
  7043 | D:9      | Found a runed door.
  7052 | D:9      | Reached XP level 11. HP: 99/99 MP: 12/12
  7186 | D:9      | Found a runed door.
  7269 | D:9      | Reached skill level 10 in Fighting
  7669 | D:9      | Killed Maurice
  7788 | D:9      | Noticed a tengu warrior
  7836 | D:9      | Killed a tengu warrior
  7836 | D:9      | Reached skill level 12 in Armour
  7882 | D:9      | Noticed a deep elf mage
  7903 | D:9      | Reached skill level 5 in Dodging
  7903 | D:9      | Reached skill level 5 in Shields
  7919 | D:9      | Killed a deep elf mage
  8132 | D:10     | Entered Level 10 of the Dungeon
  8218 | D:10     | Noticed Snorg
  8236 | D:10     | Killed Snorg
  8247 | D:10     | Found a staircase to the Orcish Mines.
  8514 | D:10     | Found a portal to a secret trove of treasure.
  8629 | D:10     | Reached skill level 13 in Armour
  8726 | D:10     | Noticed Sonja
  8755 | D:10     | HP: 4/102 [poisoned by Sonja (curare-tipped needle)]
  8755 | D:10     | Asphyxiated

Skill      XL: |  1  2  3  4  5  6  7  8  9 10 11 |
---------------+----------------------------------+-----
Maces & Flails | 4 5 6 7 8 10 12 | 12.0
Shields        | 1 2 3 4 6 |  6.6
Evocations     | 3 |  3.6
Fighting       | 4 7 9 11 | 11.4
Armour         | 3 8 11 13 | 13.0
Dodging        | 3 4 5 |  5.8

Action                   |  1- 3 |  4- 6 |  7- 9 | 10-12 || total
-------------------------+-------+-------+-------+-------++-------
Melee: Mace              |    11 |       |       |       ||    11
       Whip              |   135 |   261 |   455 |   623 ||  1474
       Headbutt          |    21 |    44 |   103 |   138 ||   306
Invok: Berserk           |     1 |       |     4 |    12 ||    17
       Trog's Hand       |       |       |       |    12 ||    12
Evoke: Wand              |       |       |     5 |       ||     5
  Use: Scroll            |       |       |    13 |       ||    13
       Potion            |       |       |       |     4 ||     4
 Stab: Invisible         |       |       |       |     2 ||     2
  Eat: Chunk             |       |     6 |    15 |    22 ||    43
       Ration            |       |       |       |     1 ||     1
Armor: Chain mail        |    90 |    97 |   100 |   225 ||   512
       Leather armour    |     2 |       |       |       ||     2
Dodge: Dodged            |    58 |    83 |   121 |   295 ||   557
Block: Buckler           |    17 |    47 |    56 |   113 ||   233
